 Dungeon Crawl Stone Soup version 0.29-a0-360-g8ed1089bbe (webtiles) character file.

Game seed: 8004709144523234873

56 Hubjo the Firebug (level 3, 0/17 (20) HPs)
             Began as a Deep Elf Fire Elementalist on Apr 28, 2022.
             Slain by a goblin
             ... wielding a +0 dagger
             ... led by Robin
              (2 damage)
             ... on level 2 of the Dungeon.
             The game lasted 00:03:12 (1337 turns).

Hubjo the Firebug (Deep Elf Fire Elementalist)      Turns: 1337, Time: 00:03:15

HP:   0/17 (20)     AC:  5    Str:  7 (8)  XL:     3   Next: 71%
MP:   10/10         EV: 12    Int: 18 (19) God:
Gold: 104           SH:  0    Dex: 16 (17) Spells: 8/9 levels left

rFire   + + .      SeeInvis .   e - +2 hand axe (elec)
rCold   + . .      Faith    .   (no shield)
rNeg    . . .      Spirit   .   l - +1 robe "Ymial" {rElec rF+ Str+3}
rPois   +          Reflect  .   (no helmet)
rElec   +          Harm     .   (no cloak)
rCorr   +          Rampage  .   j - +1 pair of gloves {Stlth+}
Will    .....                   (no boots)
Stlth   +++.......              c - amulet of regeneration
HPRegen 0.85/turn               (no ring)
MPRegen 0.12/turn               (no ring)

@: brilliant, resistant, heavily drained
A: no striking features
a: no special abilities


You were on level 2 of the Dungeon.
You visited 1 branch of the dungeon, and saw 2 of its levels.

You collected 104 gold pieces.

Inventory:

Hand Weapons
 e - a +2 hand axe of electrocution (weapon)
Armour
 a - a +0 robe
 j - a +1 pair of gloves of stealth (worn)
 l - the +1 robe "Ymial" (worn) {rElec rF+ Str+3}
   (You found it on level 2 of the Dungeon)

   Str:       It affects your strength (+3).
   rF:        It protects you from fire.
   rElec:     It insulates you from electricity.
Jewellery
 c - an amulet of regeneration (around neck)
 k - an amulet of the acrobat
Scrolls
 g - a scroll of magic mapping
Potions
 b - a potion of magic
 d - a potion of brilliance
 f - a potion of haste {unknown}
 n - a potion of mutation {unknown}
 o - a potion of curing {unknown}


   Skills:
 * Level 1.6 Fighting
 - Level 2.4 Dodging
 + Level 3.2 Stealth
 + Level 3.6 Spellcasting
 - Level 1.1 Conjurations
 + Level 3.7 Fire Magic


You had 8 spell levels left.
You knew the following spells:

 Your Spells              Type           Power      Damage    Failure   Level
a - Foxfire               Conj/Fire      72%        2x1d7     5%          1

Your spell library contained the following spells:

 Spells                   Type           Power      Damage    Failure   Level
 Scorch                   Fire           50%        2d8       4%          2
 Sting                    Tmut/Pois      16%        1d3       16%         1
 Conjure Flame            Conj/Fire      18%        6-21      17%         3
 Inner Flame              Hex/Fire       15%        N/A       22%         3
 Poisonous Vapours        Pois/Air       8%         N/A       24%         2
 Gell's Gravitas          Tloc           4%         N/A       43%         3
 Lesser Beckoning         Tloc           4%         N/A       43%         3
 Teleport Other           Tloc           4%         N/A       43%         3
 Flame Wave               Conj/Fire      18%        2d6       50%         4
 Olgreb's Toxic Radiance  Pois           4%         N/A       83%         4


Dungeon Overview and Level Annotations

Branches:
Dungeon (2/15)

Altars:

Shops:
D:1 =


Message History

The goblin barely misses you. Robin misses you.
You hit Robin.
Robin is heavily wounded.
You miss the goblin. You barely miss the goblin. You barely miss the hobgoblin.
The hobgoblin no longer looks unusually strong.
The goblin misses you. x2
Robin hits you with a +1 mace of draining.
You feel drained.
* * * LOW HITPOINT WARNING * * *
The hobgoblin completely misses you.
You hit Robin.
Robin is heavily wounded.
You hit the hobgoblin.
You kill the hobgoblin!
You barely miss the goblin. You hit the goblin but do no damage.
The goblin misses you. The goblin hits you but does no damage.
Robin throws the goblin at you! The goblin closely misses you.
You hit Robin.
Robin is almost dead.
You closely miss the goblin. You hit the goblin. x2
The goblin hits you but does no damage. The goblin barely misses you.
Robin hits you with a +1 mace of draining.
You feel drained.
The goblin hits you but does no damage. x2
The goblin hits you with a +0 dagger.
* * * LOW HITPOINT WARNING * * *
The goblin barely misses you. Robin hits you but does no damage.
You feel drained.
You hit Robin.
You kill Robin!
You closely miss the goblin. x3; The goblin hits you with a +0 club.
* * * LOW HITPOINT WARNING * * *
The goblin hits you but does no damage. The goblin hits you with a +0 dagger.
* * * LOW HITPOINT WARNING * * *
It was a potion of degeneration.
There was something very wrong with that liquid.
You feel weakened.
You feel dopey.
You feel clumsy. The goblin closely misses you.
The hobgoblin hits you but does no damage.
The goblin hits you with a +0 dagger.
You die...

.....................#####.#
....................## ..#
....................# #.#
###....###..........# .#
#........#....)...# .#
##.......#........#
#####.[....##.§g§...#
#............##g##§.#
#..........#..§g@g§§####
#.....####...##g##§....##
#....## ###..§.###.....##
#....# #..### ##.†...#
###### #### #.....###
##......# ##...g.###...
#####.....# ##.....g


You could see a hobgoblin and 4 goblins.

Vanquished Creatures
  Robin (D:2)
  A dart slug (D:1)
  6 endoplasms
  2 giant cockroaches (D:2)
  7 hobgoblins
  2 quokkas
  A ball python (D:2)
  2 bats
  A frilled lizard (D:2)
  8 goblins
  5 kobolds
  A rat (D:1)
37 creatures vanquished.

Vanquished Creatures (others)
  105 foxfires
105 creatures vanquished.

Grand Total: 142 creatures vanquished

Notes
Turn   | Place    | Note
-------+----------+-------------------------------------------
     0 | D:1      | Hubjo the Deep Elf Fire Elementalist began the quest for
                  | the Orb.
     0 | D:1      | Reached XP level 1. HP: 10/10 MP: 6/6
   138 | D:1      | Reached XP level 2. HP: 16/16 MP: 8/8
   266 | D:1      | Reached skill level 1 in Fighting
   277 | D:1      | Found Inaxzue's Jewellery Shop.
   759 | D:2      | Reached XP level 3. HP: 20/20 MP: 1/9
   991 | D:2      | Identified the +1 robe "Ymial" {rElec rF+ Str+3}
  1304 | D:2      | Noticed Robin
  1336 | D:2      | Killed Robin
  1337 | D:2      | Slain by a goblin

Illustrated notes

Levels and vault maps discovered:
D:1:      minmay_arrival_four_circles, layout_loops_ring, serial_shops, shop,
          corexii_leaking_fountain
D:2:      layout_rooms, mrwooster_statue_mirror, uniq_robin

Skill      XL: |  1  2 |
---------------+-------+-----
Fighting       | 1 |  1.6
Stealth        | 3 |  3.2
Dodging        | |  2.4
Spellcasting   | |  3.6
Conjurations   | |  1.1
Fire Magic     | |  3.7

Action                   || total
-------------------------++-------
Melee: Hand axe          ||    42
 Cast: Foxfire           ||    59
  Use: Potion            ||     3
       Scroll            ||     2
 Stab: Sleeping          ||     2
Armor: Robe              ||    22
Dodge: Dodged            ||    57

Table legend: (Time is in decaauts)
 A = Elapsed time spent in this place.
 B = Non-inter-level travel time spent in this place.
 C = Inter-level travel time spent in this place.
 D = Time resting spent in this place.
 E = Time spent auto-exploring this place.
 F = Levels seen in this place.
 G = Mean time per level.
                   A        B        C        D        E       F      G
               +--------+--------+--------+--------+--------+-----+--------+
         Total |   1348 |   1334 |     14 |      0 |   1051 |   2 |  674.0 |
       Dungeon |   1348 |   1334 |     14 |      0 |   1051 |   2 |  674.0 |
               +--------+--------+--------+--------+--------+-----+--------+

Top non-repeatable levels by time:
     D:1: 699 daAuts
     D:2: 649 daAuts
